AoeStats
← tobinho_125

Arabia

508059356Analyzed
4v4 RM · 11d ago on Sep 20, 2026· 24m 15s· 8 players
Game mode
Random Map
Map size
Large (8 player)
Population
200
Speed
Normal
Resources
Standard
Victory
Conquest
Starting age
Dark Age
Ending age
Imperial Age
RankedLock teamsTeams togetherTeam positionsShared explorationLock speedFull tech treeHidden civsTurbo modeCheats
Victory
Defeat
🇨🇭 Khitans · Switzerland
976
+16
🇩🇪 Portuguese · Germany
955
+17
🇩🇪 Hindustanis · Germany
947
+17
🇩🇪 Lithuanians · Germany
909
+19
🇪🇸 Tupi · Spain
992
-18
🇦🇷 Franks · Argentina
987
-18
🇧🇷 Romans · Brazil
960
-17
🇵🇪 Spanish · Peru
944
-16
slayopatra
10:01 Loom
12:44 Feudal Age
13:59 Double-Bit Axe
17:35 Castle Age
mju
8:50 Loom
11:16 Feudal Age
11:58 Man-at-Arms
14:45 Forging
14:23 Arson
19:00 Scale Mail Armor
23:43 Castle Age
22:23 Gold Mining
22:25 Double-Bit Axe
tobinho_125
11:07 Feudal Age
11:08 Loom
18:43 Castle Age
16:57 Double-Bit Axe
22:16 Scale Barding Armor
22:22 Forging
24:39 Bow Saw
corinna22222
1:00 Loom
11:55 Feudal Age
12:34 Double-Bit Axe
12:33 Horse Collar
20:35 Castle Age
19:49 Bloodlines
20:24 Gold Mining
20:33 Stone Mining
22:20 Forging
Bruno MIRANDA
15:23 Feudal Age
21:08 Castle Age
yandros05
11:06 Loom
13:25 Feudal Age
13:30 Champi Runner
15:36 Scale Mail Armor
15:47 Forging
jhonzx_11
11:27 Feudal Age
13:51 Loom
16:50 Man-at-Arms
21:32 Wheelbarrow
Santísima TRINIDAD
10:53 Feudal Age
15:00 Castle Age
13:33 Double-Bit Axe
Connection lost

Rejoining the realm…

Still unreachable

The connection could not be restored.

Session expired

The server has moved on; the page needs a fresh start.